AoeStats
← DeMoTiX

African Clearing

510393561Analyzed
3v3 RM · 11h ago on Sep 30, 2026· 77m 28s· 6 players
Game mode
Random Map
Map size
Normal (6 player)
Population
200
Speed
Normal
Resources
Standard
Victory
Conquest
Starting age
Dark Age
Ending age
Imperial Age
RankedLock teamsTeams togetherTeam positionsShared explorationLock speedFull tech treeHidden civsTurbo modeCheats
Victory
Defeat
🇪🇸 Teutons · Spain
911
+16
🇪🇸 Franks · Spain
846
+19
🇧🇴 Magyars · Bolivia
841
+19
🇹🇷 Japanese · Türkiye
931
-19
🇹🇷 Lithuanians · Türkiye
915
-18
🇹🇷 Britons · Türkiye
895
-17
DeMoTiX
11:56 Loom
16:20 Feudal Age
24:39 Man-at-Arms
31:08 Horse Collar
32:40 Fletching
34:04 Wheelbarrow
34:31 Double-Bit Axe
36:57 Padded Archer Armor
44:52 Castle Age
44:07 Gold Mining
44:08 Stone Mining
50:29 Imperial Age
47:25 Elite Skirmisher
49:09 Bloodlines
50:42 Hand Cart
52:27 Cavalier
53:10 Husbandry
54:13 Heavy Scorpion
58:13 Chemistry
57:34 Ballistics
58:15 Bow Saw
58:35 Heavy Plow
59:07 Onager
59:54 Town Watch
64:03 Crop Rotation
64:25 Bodkin Arrow
64:36 Scale Barding Armor
64:17 Pikeman
64:43 Arson
64:56 Elite Magyar Huszar
67:14 Two-Man Saw
68:21 Town Patrol
68:04 Paladin
68:53 Scale Mail Armor
71:43 Chain Barding Armor
71:25 Bracer
71:40 Chain Mail Armor
75:46 Plate Barding Armor
75:27 Leather Archer Armor
Hallvardr
6:26 Loom
16:40 Feudal Age
17:06 Town Watch
17:23 Double-Bit Axe
22:27 Castle Age
21:02 Gold Mining
21:34 Forging
23:40 Husbandry
24:44 Scale Barding Armor
26:52 Wheelbarrow
29:05 Stone Mining
31:14 Bow Saw
33:06 Hand Cart
35:24 Fletching
42:02 Murder Holes
44:03 Iron Casting
45:34 Treadmill Crane
62:57 Gold Shaft Mining
65:33 Imperial Age
65:31 Chain Barding Armor
65:39 Cavalier
67:29 Blast Furnace
67:05 Plate Barding Armor
68:51 Paladin
70:46 Conscription
70:34 Town Patrol
71:17 Chivalry
Ortegasmo 14
13:39 Loom
15:25 Feudal Age
18:52 Wheelbarrow
20:18 Castle Age
18:30 Double-Bit Axe
18:52 Horse Collar
20:19 Forging
22:40 Scale Barding Armor
23:45 Gold Mining
25:09 Heavy Plow
28:48 Hand Cart
30:26 Town Watch
34:25 Imperial Age
32:13 Bow Saw
35:47 Conscription
36:09 Squires
35:56 Arson
35:58 Gambesons
36:05 Fletching
36:16 Padded Archer Armor
36:54 Iron Casting
36:41 Ballistics
35:46 Elite Skirmisher
37:15 Crenellations
37:43 Bloodlines
36:55 Cavalier
38:41 Onager
39:57 Bodkin Arrow
41:02 Blast Furnace
40:04 Scale Mail Armor
43:03 Chemistry
44:53 Elite Teutonic Knight
45:18 Pikeman
46:14 Chain Mail Armor
56:33 Plate Mail Armor
56:23 Chain Barding Armor
59:11 Two-Man Saw
58:43 Crop Rotation
65:17 Chain Barding Armor
65:58 Blast Furnace
65:13 Leather Archer Armor
SOW44
12:41 Loom
15:46 Feudal Age
16:26 Horse Collar
17:54 Double-Bit Axe
17:59 Man-at-Arms
18:25 Arson
18:44 Gold Mining
19:24 Stone Mining
19:48 Scale Mail Armor
20:38 Forging
25:21 Castle Age
26:46 Gambesons
31:00 Squires
30:22 Pikeman
32:00 Iron Casting
33:39 Wheelbarrow
38:44 Murder Holes
39:28 Bow Saw
41:24 Hand Cart
41:38 Yasama
42:16 Ballistics
46:19 Town Watch
50:49 Imperial Age
50:57 Chain Mail Armor
51:05 Elite Samurai
52:10 Conscription
51:13 Capped Ram
53:11 Kataparuto
54:30 Town Patrol
56:18 Blast Furnace
63:08 Plate Mail Armor
65:06 Chemistry
64:15 Heavy Plow
66:56 Long Swordsman
69:53 Padded Archer Armor
72:12 Onager
76:57 Halberdier
umgulseren
15:43 Feudal Age
16:43 Loom
17:42 Stone Mining
20:06 Man-at-Arms
25:40 Double-Bit Axe
30:04 Forging
33:33 Castle Age
34:48 Bow Saw
34:24 Horse Collar
34:26 Pikeman
37:01 Gold Mining
37:41 Padded Archer Armor
37:33 Fletching
39:06 Gold Shaft Mining
38:46 Squires
39:35 Wheelbarrow
39:57 Leather Archer Armor
40:30 Bodkin Arrow
42:21 Ballistics
41:53 Heated Shot
43:00 Heavy Plow
44:48 Yeomen
51:03 Imperial Age
49:37 Hand Cart
54:22 Imperial Age
56:10 Ring Archer Armor
61:43 Halberdier
® İSTİF
11:02 Loom
13:11 Feudal Age
14:22 Double-Bit Axe
16:27 Horse Collar
27:14 Castle Age
32:09 Gold Mining
32:12 Stone Mining
34:21 Scale Barding Armor
34:26 Forging
38:47 Fletching
39:38 Heavy Plow
41:08 Chain Barding Armor
46:21 Imperial Age
44:28 Wheelbarrow
45:43 Iron Casting
45:47 Bloodlines
46:04 Husbandry
46:27 Cavalier
54:33 Town Watch
65:31 Padded Archer Armor
65:26 Bodkin Arrow
66:16 Scale Mail Armor
66:32 Leather Archer Armor
67:00 Pikeman
67:41 Squires
67:26 Arson
67:46 Elite Skirmisher
68:32 Thumb Ring
74:15 Conscription
73:57 Tower Shields
75:56 Ring Archer Armor
75:27 Bracer
Connection lost

Rejoining the realm…

Still unreachable

The connection could not be restored.

Session expired

The server has moved on; the page needs a fresh start.